Map: Eternal Empire LE

Players

Nice

  • Race: Protoss Protoss
  • Spawn Location: 1:00

Has - Winner!

  • Race: Protoss Protoss
  • Spawn Location: 7:00

Event: DreamHack SC2 Masters 2020 Summer TwHkMoJp

VOD

Have the link to the VOD?

Description

Time

  • Played on: June 27, 2020, 9:11 a.m.
  • Length: 8:56

All games in this series

Show
View Real Time Build Order
Export as new Build Order

Nice Protoss 

Build Orders:  

Get SALT Encoding   

  12  0:00  Probe  
  13  0:12  Probe  
  14  0:17  Pylon  
  14  0:24  Probe  
  15  0:33  Probe  
  15  0:37  Gateway  
  15  0:41  Probe  
  16  0:47  Assimilator  
  17  0:51  Assimilator  
  17  0:53  Probe  
  18  1:01  Probe  
  18  1:09  Gateway, Probe  
  20  1:20  Probe  
  21  1:25  Cybernetics Core  
  21  1:32  Probe  
  22  1:36  Pylon  
  22  1:44  Probe  
  23  1:56  Probe  
  24  2:02  Sentry, Stalker  
  24  2:03  Warp Gate  
  24  2:08  Probe  
  29  2:14  Pylon  
  29  2:30  Pylon  
  29  2:32  Stalker x2  
  32  2:44  Shield Battery  
  32  2:59  Shield Battery  
  32  3:08  Nexus  
  32  3:10  Sentry  
  32  3:12  Sentry  
  36  3:19  Probe  
  36  3:21  Pylon  
  37  3:27  Probe  
  38  3:35  Shield Battery, Probe  
  39  3:47  Probe  
  40  3:49  Robotics Facility  
  40  3:52  Stalker  
  42  3:57  Stalker, Probe  
  45  4:05  Probe  
  46  4:13  Probe  
  46  4:18  Probe  
  48  4:25  Probe  
  48  4:26  Probe  
  48  4:27  Adept x2  
  54  4:37  Probe  
  54  4:38  Immortal  
  53  4:41  Probe  
  53  4:54  Adept  
  53  4:56  Adept  
  56  5:12  Probe x2  
  58  5:16  Observer  
  59  5:21  Pylon  
  59  5:24  Probe x2  
  61  5:33  Pylon  
  61  5:36  Probe  
  62  5:46  Probe  
  62  5:47  Warp Prism, Probe  
  59  5:55  Probe  
  60  5:58  Forge, Probe  
  62  6:05  Probe  
  62  6:07  Assimilator  
  63  6:12  Assimilator, Probe  
  63  6:17  Probe  
  65  6:21  Gateway  
  65  6:22  Gateway  
  65  6:25  Twilight Council  
  65  6:31  Adept, Immortal  
  67  6:34  Protoss Ground Weapons Level 1, Probe  
  72  6:50  Stalker  
  72  6:53  Stalker  
  76  7:04  Pylon  
  76  7:14  Stalker  
  74  7:22  Immortal  
  76  7:32  Gateway  
  76  7:34  Gateway  
  72  7:44  Stalker  
  72  7:45  Stalker  
  72  7:47  Gateway  
  72  7:49  Gateway  
  76  7:51  Templar Archives  
  76  7:53  Probe x2  
  78  8:05  Pylon  
  78  8:07  Pylon  
  78  8:21  Pylon  
  78  8:26  Stalker x3  
  78  8:27  Stalker  
  86  8:39  Zealot x2  
  74  8:41  Zealot  
Show
View Real Time Build Order
Export as new Build Order

Has Protoss - Winner!

Build Orders: Oracle Opening 

Get SALT Encoding   

  12  0:00  Probe  
  13  0:12  Probe  
  14  0:17  Pylon  
  14  0:24  Probe  
  15  0:33  Probe  
  15  0:35  Gateway  
  15  0:41  Probe  
  16  0:46  Assimilator  
  17  0:51  Probe  
  17  0:54  Assimilator  
  18  1:03  Probe  
  19  1:07  Gateway  
  19  1:11  Probe  
  20  1:19  Probe  
  20  1:23  Cybernetics Core  
  21  1:30  Probe  
  22  1:35  Pylon  
  22  1:39  Pylon  
  22  1:43  Probe  
  23  2:00  Adept x2  
  23  2:01  Warp Gate  
  27  2:05  Probe  
  28  2:17  Stargate  
  28  2:23  Pylon  
  28  2:27  Probe  
  29  2:39  Probe  
  30  2:56  Oracle  
  30  2:57  Nexus  
  30  3:23  Robotics Facility  
  30  3:24  Probe  
  31  3:33  Shield Battery  
  31  3:36  Probe  
  31  3:40  Oracle  
  35  3:48  Probe  
  36  3:57  Adept x2  
  36  4:00  Probe  
  41  4:04  Observer  
  41  4:05  Pylon  
  41  4:15  Probe  
  44  4:19  Immortal  
  43  4:27  Probe  
  43  4:28  Probe  
  49  4:39  Probe  
  49  4:41  Probe  
  46  4:51  Probe  
  46  4:52  Sentry x2  
  47  4:54  Probe  
  47  4:55  Pylon  
  48  5:01  Forge  
  48  5:03  Probe  
  48  5:06  Probe  
  50  5:11  Shield Battery  
  50  5:15  Immortal  
  50  5:16  Pylon  
  50  5:17  Adept x2  
  56  5:27  Probe  
  56  5:28  Probe  
  60  5:31  Pylon  
  60  5:38  Adept x2  
  60  5:39  Probe  
  60  5:42  Probe  
  60  5:52  Probe  
  60  5:54  Probe  
  60  5:56  Warp Prism  
  64  6:01  Assimilator, Observer  
  64  6:02  Protoss Ground Weapons Level 1, Assimilator  
  64  6:05  Probe  
  64  6:09  Probe  
  66  6:13  Twilight Council  
  66  6:18  Probe  
  67  6:26  Gateway  
  67  6:27  Gateway  
  67  6:28  Probe  
  67  6:30  Probe  
  69  6:42  Charge  
  69  6:45  Gateway  
  69  6:47  Gateway x2  
  69  6:57  Templar Archives  
  69  6:58  Immortal  
  73  7:03  Pylon  
  73  7:05  Probe  
  70  7:24  Probe x2  
  69  7:30  Stalker  
  69  7:31  Stalker x2  
  74  7:39  Probe  
  74  7:41  Pylon  
  74  7:50  Pylon  
  74  7:55  Pylon  
  74  7:56  High Templar x2  
  74  7:57  Zealot x3  
  84  8:02  Archon  
  84  8:06  Zealot x2  
  88  8:21  Zealot  
  88  8:22  Zealot x2  
  94  8:30  Zealot x3  
  94  8:31  Zealot  
Tags
 
Add a new tag
Caveats
  • Supply blocks, unpowered buildings, or Contaminate may cause inaccurate times.
  • Supply counts are checked every 10 seconds.